FLO
ST. LUCIE METS @ FORT MYERS MIGHTY MUSSELS
04/30/2024
 
TOP OF THE 1ST
St. Lucie Mets batting - Pitching for Fort Myers Mighty Mussels : LHP Frank Mozzicato
Pitching: LHP Frank Mozzicato
Batting: RHB Pietro Fisichella 0-0: Called Strike
0-1: Swinging Strike
0-2: Strikes out swinging
Batting: RHB Cayden Wallace 0-0: Ball
1-0: Ball
2-0: Called Strike
2-1: Ball
3-1: Foul Ball, location: 2F
3-2: Foul Ball, location: 2F
3-2: Ground out 6-3 (Groundball, 6, EV 78.8 MPH)
Batting: SHB Jared Teller 0-0: Foul Ball, location: 7LSF
0-1: Foul Ball, location: 2F
0-2: Fly out, F9 (Flyball, 9LS, EV 81.9 MPH)
Top of the 1st over - 0 runs, 0 hits, 0 errors, 0 left on base; St. Lucie 0 - Fort Myers 0
BOTTOM OF THE 1ST
Fort Myers Mighty Mussels batting - Pitching for St. Lucie Mets : RHP Jonah Harris
Pitching: RHP Jonah Harris
Batting: SHB Jean-Paul Berger 0-0: Ball
1-0: Called Strike
1-1: Ball
2-1: Foul Ball, location: 2F
2-2: Strikes out swinging
Batting: LHB Bill Elliott 0-0: Called Strike
0-1: Ground out 3-1 (Groundball, 34S, EV 85.0 MPH)
Batting: RHB Tyler Black 0-0: Ball
1-0: Ball
2-0: Ball
3-0: Called Strike
3-1: Ground out U3 (Groundball, 34S, EV 85.0 MPH)
Bottom of the 1st over - 0 runs, 0 hits, 0 errors, 0 left on base; St. Lucie 0 - Fort Myers 0
TOP OF THE 2ND
St. Lucie Mets batting - Pitching for Fort Myers Mighty Mussels : LHP Frank Mozzicato
Batting: RHB Ricardo Muñóz 0-0: Ground out 6-3 (Groundball, 6, EV 80.6 MPH)
Batting: RHB Will Brown 0-0: Ball
1-0: Called Strike
1-1: SINGLE (Groundball, 6MD, EV 108.1 MPH)
Batting: RHB Connor Norby 0-0: Ball
1-0: Swinging Strike
1-1: Ball
2-1: Foul Ball, location: 3SF
2-2: Strikes out swinging
Batting: LHB Todd Phipps 0-0: Fly out, F7 (Flyball, 7D, EV 87.5 MPH)
Top of the 2nd over - 0 runs, 1 hit, 0 errors, 1 left on base; St. Lucie 0 - Fort Myers 0
BOTTOM OF THE 2ND
Fort Myers Mighty Mussels batting - Pitching for St. Lucie Mets : RHP Jonah Harris
Batting: RHB Harry Ford 0-0: Ball
1-0: Foul Ball, location: 9LSF
1-1: Swinging Strike
1-2: Strikes out swinging
Batting: RHB Denny Oliver 0-0: Ball
1-0: Swinging Strike
1-1: Fly out, F7 (Flyball, 7S, EV 81.9 MPH)
Batting: RHB Marcos Bustamente 0-0: Foul Ball, location: 9LSF
0-1: Foul Ball, location: 2F
0-2: Foul Ball, location: 2F
0-2: Ball
1-2: Foul Ball, location: 2F
1-2: Foul Ball, location: 2F
1-2: Fly out, F8 (Line Drive, 8LM, EV 88.8 MPH)
Bottom of the 2nd over - 0 runs, 0 hits, 0 errors, 0 left on base; St. Lucie 0 - Fort Myers 0
TOP OF THE 3RD
St. Lucie Mets batting - Pitching for Fort Myers Mighty Mussels : LHP Frank Mozzicato
Batting: LHB Larry Watson 0-0: Foul Ball, location: 5SF
0-1: Fly out, F4 (Popup, 4, EV 52.5 MPH)
Batting: RHB Luis Domínguez 0-0: Ball
1-0: Ball
2-0: Foul Ball, location: 2F
2-1: Called Strike
2-2: Ball
3-2: Foul Ball, location: 9LSF
3-2: Base on Balls
Batting: RHB Pietro Fisichella 0-0: Foul Ball, location: 3F
0-1: Ball
1-1: Ground out 6-3 (Groundball, 6MS, EV 66.3 MPH)
Luis Domínguez to second
Batting: RHB Cayden Wallace 0-0: Called Strike
0-1: Called Strike
0-2: Ball
1-2: Strikes out swinging
Top of the 3rd over - 0 runs, 0 hits, 0 errors, 1 left on base; St. Lucie 0 - Fort Myers 0
BOTTOM OF THE 3RD
Fort Myers Mighty Mussels batting - Pitching for St. Lucie Mets : RHP Jonah Harris
Batting: RHB Landon Fickell 0-0: SINGLE (Line Drive, 89S, EV 99.4 MPH)
Batting: RHB José Ríos 0-0: Called Strike
Landon Fickell steals 2nd base
0-1: Foul Ball, location: 2F
0-2: Ball
1-2: Fly out, F3 (Popup, 3, EV 58.8 MPH)
Batting: LHB Juan Ramírez 0-0: Ball
1-0: Swinging Strike
1-1: Called Strike
Landon Fickell is caught stealing 3rd base 2-5
1-2: Foul Ball, location: 2F
1-2: Ball
2-2: Ball
3-2: Foul Ball, location: 2F
3-2: Ground out U3 (Groundball, 13, EV 85.0 MPH)
Bottom of the 3rd over - 0 runs, 1 hit, 0 errors, 0 left on base; St. Lucie 0 - Fort Myers 0
TOP OF THE 4TH
St. Lucie Mets batting - Pitching for Fort Myers Mighty Mussels : LHP Frank Mozzicato
Batting: SHB Jared Teller 0-0: Ball
1-0: Ball
2-0: Called Strike
2-1: Ball
3-1: Called Strike
3-2: Fly out, F8 (Flyball, 8RXD, EV 96.9 MPH)
Batting: RHB Ricardo Muñóz 0-0: Called Strike
0-1: Ball
1-1: Called Strike
1-2: Strikes out swinging
Batting: RHB Will Brown 0-0: Ball
1-0: Ball
2-0: Ball
3-0: Called Strike
3-1: Called Strike
3-2: Strikes out swinging
Top of the 4th over - 0 runs, 0 hits, 0 errors, 0 left on base; St. Lucie 0 - Fort Myers 0
BOTTOM OF THE 4TH
Fort Myers Mighty Mussels batting - Pitching for St. Lucie Mets : RHP Jonah Harris
Batting: SHB Jean-Paul Berger 0-0: Ground out 4-3 (Groundball, 4, EV 101.9 MPH)
Batting: LHB Bill Elliott 0-0: Ball
1-0: Fly out, F9 (Line Drive, 9, EV 108.1 MPH)
Batting: RHB Tyler Black 0-0: Called Strike
0-1: SINGLE (Groundball, 6MD, EV 95.6 MPH)
Batting: RHB Harry Ford 0-0: Ball
1-0: Foul Ball, location: 9LDF
1-1: Ball
2-1: Called Strike
Tyler Black is caught stealing 2nd base 2-4
Bottom of the 4th over - 0 runs, 1 hit, 0 errors, 0 left on base; St. Lucie 0 - Fort Myers 0
TOP OF THE 5TH
St. Lucie Mets batting - Pitching for Fort Myers Mighty Mussels : LHP Frank Mozzicato
Batting: RHB Connor Norby 0-0: Ball
1-0: Foul Ball, location: 9LMFF
1-1: Swinging Strike
1-2: Strikes out looking
Batting: LHB Todd Phipps 0-0: Called Strike
0-1: Called Strike
0-2: Foul Ball, location: 5DF
0-2: Fly out, F8 (Flyball, 8RM, EV 93.1 MPH)
Batting: LHB Larry Watson 0-0: Ball
1-0: Called Strike
1-1: Swinging Strike
1-2: Strikes out swinging
Top of the 5th over - 0 runs, 0 hits, 0 errors, 0 left on base; St. Lucie 0 - Fort Myers 0
BOTTOM OF THE 5TH
Fort Myers Mighty Mussels batting - Pitching for St. Lucie Mets : RHP Jonah Harris
Batting: RHB Harry Ford 0-0: Called Strike
0-1: Foul Ball, location: 2F
0-2: Strikes out swinging, 2-3 out at first.
Batting: RHB Denny Oliver 0-0: Foul Ball, location: 2F
0-1: Called Strike
0-2: Ball
1-2: Ball
2-2: Fly out, F5 (Popup, 5L, EV 70.0 MPH)
Batting: RHB Marcos Bustamente 0-0: Ball
1-0: Called Strike
1-1: Called Strike
1-2: Strikes out swinging
Bottom of the 5th over - 0 runs, 0 hits, 0 errors, 0 left on base; St. Lucie 0 - Fort Myers 0
TOP OF THE 6TH
St. Lucie Mets batting - Pitching for Fort Myers Mighty Mussels : LHP Frank Mozzicato
Batting: RHB Luis Domínguez 0-0: Called Strike
0-1: Ground out 6-3 (Groundball, 6, EV 90.0 MPH)
Batting: RHB Pietro Fisichella 0-0: Ball
1-0: Foul Ball, location: 2F
1-1: Foul Ball, location: 9LMF
1-2: SINGLE (Groundball, 34D, EV 99.4 MPH)
Batting: RHB Cayden Wallace 0-0: Ball
1-0: Ball
2-0: Foul Ball, location: 9LMF
2-1: DOUBLE (Line Drive, 78D, EV 97.5 MPH)
Pietro Fisichella to third
Runner from 3rd tries for Home, SAFE, throw by LF to home
Batting: SHB Jared Teller 0-0: Swinging Strike
0-1: Ball
1-1: SINGLE (Line Drive, 89S, EV 93.1 MPH)
Cayden Wallace to third
Batting: RHB Ricardo Muñóz 0-0: Foul Ball, location: 2LF
0-1: Foul Ball, location: 3DF
0-2: Ball
1-2: Ball
2-2: Ball
3-2: Strikes out swinging
Pitching: RHP Paxton Meyer
Batting: RHB Will Brown 0-0: Called Strike
0-1: SINGLE (Line Drive, 78S, EV 104.4 MPH)
Cayden Wallace scores
Jared Teller to second
Runner from 2nd tries for 3rd, SAFE, throw by LF made to third
Batting: RHB Connor Norby 0-0: Ball
1-0: Fly out, F3 (Popup, 3F, EV 70.6 MPH)
Top of the 6th over - 2 runs, 4 hits, 0 errors, 2 left on base; St. Lucie 2 - Fort Myers 0
BOTTOM OF THE 6TH
Fort Myers Mighty Mussels batting - Pitching for St. Lucie Mets : RHP Jonah Harris
Batting: RHB Landon Fickell 0-0: Ball
1-0: Ground out 5-3 (Groundball, 5S, EV 84.4 MPH)
Batting: RHB José Ríos 0-0: Ball
1-0: Called Strike
1-1: Ball
2-1: Ball
3-1: Called Strike
3-2: Foul Ball, location: 3SF
3-2: Fly out, F3 (Popup, 3SF, EV 64.4 MPH)
Batting: LHB Juan Ramírez 0-0: Ball
1-0: Called Strike
1-1: Fly out, F5 (Popup, 5D, EV 58.1 MPH)
Bottom of the 6th over - 0 runs, 0 hits, 0 errors, 0 left on base; St. Lucie 2 - Fort Myers 0
TOP OF THE 7TH
St. Lucie Mets batting - Pitching for Fort Myers Mighty Mussels : RHP Paxton Meyer
Batting: LHB Todd Phipps 0-0: SINGLE (Line Drive, 9S, EV 104.4 MPH)
Batting: LHB Larry Watson 0-0: Ball
1-0: Ball
2-0: Ground out 5-3 (Groundball, P, EV 89.4 MPH)
Todd Phipps to second
Batting: RHB Luis Domínguez 0-0: Ball
1-0: Ball
2-0: Called Strike
2-1: Foul Ball, location: 2F
2-2: SINGLE (Line Drive, 7S, EV 91.9 MPH)
Todd Phipps to third
Batting: RHB Pietro Fisichella 0-0: Called Strike
0-1: Swinging Strike
0-2: Fly out, F9 (Line Drive, 89M, EV 101.3 MPH)
Runner from 3rd tags up, SCORES, throw by RF
Batting: RHB Cayden Wallace 0-0: Ball
1-0: Ball
2-0: Called Strike
2-1: Swinging Strike
2-2: Strikes out swinging
Top of the 7th over - 1 run, 2 hits, 0 errors, 1 left on base; St. Lucie 3 - Fort Myers 0
BOTTOM OF THE 7TH
Fort Myers Mighty Mussels batting - Pitching for St. Lucie Mets : RHP Jonah Harris
Batting: SHB Jean-Paul Berger 0-0: Called Strike
0-1: Ball
1-1: Ball
2-1: Ground out 6-3 (Groundball, 6, EV 76.9 MPH)
Batting: LHB Bill Elliott 0-0: Ball
1-0: Swinging Strike
1-1: Ball
2-1: Fly out, F8 (Flyball, 78D, EV 103.1 MPH)
Batting: RHB Tyler Black 0-0: Foul Ball, location: 2F
0-1: Foul Ball, location: 25F
0-2: Ball
1-2: Ball
2-2: Ball
3-2: Ground out 6-3 (Groundball, 6MS, EV 84.4 MPH)
Bottom of the 7th over - 0 runs, 0 hits, 0 errors, 0 left on base; St. Lucie 3 - Fort Myers 0
TOP OF THE 8TH
St. Lucie Mets batting - Pitching for Fort Myers Mighty Mussels : RHP Paxton Meyer
Batting: SHB Jared Teller 0-0: Ball
1-0: Ball
2-0: Ball
3-0: Base on Balls
Batting: RHB Ricardo Muñóz 0-0: Ball
1-0: Foul Ball, location: 2F
1-1: Called Strike
1-2: SINGLE (Line Drive, 4D, EV 95.6 MPH)
Jared Teller to second
Batting: RHB Will Brown 0-0: Swinging Strike
0-1: Ball
1-1: Foul Ball, location: 9LMF
1-2: Ball
2-2: Fielders Choice at 3rd, U5 (Groundball, 5L, EV 90.0 MPH)
Ricardo Muñóz to second
Batting: RHB Connor Norby 0-0: Called Strike
0-1: Ball
1-1: Called Strike
1-2: Fielders Choice at 2nd, 4-6 (Groundball, 34D, EV 100.0 MPH)
Ricardo Muñóz to third
Batting: LHB Todd Phipps 0-0: SINGLE (Groundball, 2R, EV 66.3 MPH) (infield hit)
Ricardo Muñóz scores
Connor Norby to second
Batting: LHB Larry Watson 0-0: Ball
1-0: Ball
2-0: Called Strike
2-1: Fly out, F8 (Flyball, 8RS, EV 81.3 MPH)
Top of the 8th over - 1 run, 2 hits, 0 errors, 2 left on base; St. Lucie 4 - Fort Myers 0
BOTTOM OF THE 8TH
Fort Myers Mighty Mussels batting - Pitching for St. Lucie Mets : RHP Jonah Harris
Batting: RHB Harry Ford 0-0: Ball
1-0: Called Strike
1-1: SINGLE (Flyball, 6MD, EV 88.8 MPH)
Batting: RHB Denny Oliver 0-0: Called Strike
0-1: Ball
1-1: Foul Ball, location: 2F
1-2: Fly out, F9 (Flyball, 9, EV 89.4 MPH)
Batting: RHB Marcos Bustamente 0-0: Ball
1-0: Foul Ball, location: 2RF
1-1: Called Strike
1-2: Foul Ball, location: 2LF
1-2: Foul Ball, location: 2F
1-2: Foul Ball, location: 9LSF
1-2: Foul Ball, location: 2F
1-2: Fly out, F4 (Popup, 3D, EV 53.8 MPH)
Pitching: LHP Sergio Cuestas
Batting: RHB Landon Fickell 0-0: Ball
1-0: Foul Ball, location: 2F
1-1: Called Strike
1-2: Fielders Choice at 2nd, 6-4 (Groundball, 6, EV 80.0 MPH)
Bottom of the 8th over - 0 runs, 1 hit, 0 errors, 1 left on base; St. Lucie 4 - Fort Myers 0
TOP OF THE 9TH
St. Lucie Mets batting - Pitching for Fort Myers Mighty Mussels : RHP Paxton Meyer
Pinch Hitting: LHB Chase Nixon 0-0: Called Strike
0-1: Called Strike
0-2: Ball
1-2: Strikes out swinging
Batting: RHB Pietro Fisichella 0-0: Called Strike
0-1: Ball
1-1: Foul Ball, location: 23FF
1-2: Foul Ball, location: 9LDF
1-2: Fly out, F7 (Flyball, 7, EV 95.6 MPH)
Batting: RHB Cayden Wallace 0-0: Called Strike
0-1: Foul Ball, location: 2F
0-2: Ball
1-2: Ball
2-2: Fly out, F8 (Flyball, 8RXD, EV 77.5 MPH)
Top of the 9th over - 0 runs, 0 hits, 0 errors, 0 left on base; St. Lucie 4 - Fort Myers 0
BOTTOM OF THE 9TH
Fort Myers Mighty Mussels batting - Pitching for St. Lucie Mets : LHP Sergio Cuestas
Now at C: Michael Knight
Batting: RHB José Ríos 0-0: Fly out, F7 (Flyball, 7, EV 91.3 MPH)
Pinch Hitting: RHB Yan Contreras 0-0: Ball
1-0: Swinging Strike
1-1: Ball
2-1: Ground out U3 (Groundball, 34, EV 79.4 MPH)
Batting: SHB Jean-Paul Berger 0-0: Ball
1-0: Swinging Strike
1-1: Ball
2-1: Ball
3-1: Base on Balls
Batting: LHB Bill Elliott 0-0: Ball
1-0: Ball
2-0: Fielders Choice at 2nd, 5-4 (Groundball, 5, EV 97.5 MPH)
Bottom of the 9th over - 0 runs, 0 hits, 0 errors, 1 left on base; St. Lucie 4 - Fort Myers 0
Sunday, May 5th , 2024 - OOTP Baseball 24.11 Build 85